 Dungeon Crawl Stone Soup version 0.29.1-12-g30fa7ad0bf (webtiles) character file.

Game seed: 7717945061750200816

3939 growler the Grappler (level 10, -6/67 HPs)
             Began as a Demonspawn Wanderer on Jan 17, 2023.
             Mangled by a boulder beetle (19 damage)
             ... on level 7 of the Dungeon.
             The game lasted 00:22:56 (7197 turns).

growler the Grappler (Demonspawn Wanderer)          Turns: 7197, Time: 00:22:58

Health: -6/67      AC:  7    Str: 19    XL:     10   Next: 1%
Magic:  11/11      EV: 16    Int: 11    God:
Gold:   299        SH:  0    Dex: 13    Spells: 10/11 levels left

rFire   . . .      SeeInvis .     - Unarmed
rCold   . . .      Faith    .   (no shield)
rNeg    . . .      Spirit   .   e - +0 leather armour
rPois   .          Reflect  .   (no helmet)
rElec   .          Harm     .   (no cloak)
rCorr   .          Rampage  .   (no gloves)
Will    .....                   c - +0 pair of boots
Stlth   ++........              p - amulet of magic regeneration
HPRegen 0.21/turn               (no ring)
MPRegen 0.52/turn               (no ring)

@: agile
A: claws 2, molten scales 2, foul stench 1, powered by pain 1
a: no special abilities


You were on level 7 of the Dungeon.
You visited 2 branches of the dungeon, and saw 8 of its levels.

You collected 299 gold pieces.

Inventory:

Hand Weapons
 a - a +2 dagger
 n - the +9 sling "Dragonslayer" {flame, Drain Str+6}
   (You found it on level 2 of the Dungeon)

   Any ammunition fired from it burns those it strikes, dealing additional fire
   damage.
   Str:       It affects your strength (+6).
   Drain:     It drains your maximum health when unequipped.
 E - a +1 shortbow
Missiles
 l - 2 throwing nets
Armour
 c - a +0 pair of boots (worn)
 e - a +0 leather armour (worn)
Jewellery
 p - an amulet of magic regeneration (around neck)
 q - a ring of resist corrosion
 w - a ring of protection from fire
 y - an amulet of faith
 A - an amulet of guardian spirit
Wands
 r - a wand of digging (7)
 B - a wand of flame (18)
Scrolls
 d - a scroll of blinking
 g - a scroll of fear {unknown}
 m - a scroll of silence {unknown}
 o - 4 scrolls of amnesia
 s - a scroll of enchant armour {unknown}
 t - a scroll of fog {unknown}
 v - a scroll of teleportation {unknown}
 C - a scroll of noise
 D - 4 scrolls of identify
 F - a scroll of enchant weapon
Potions
 b - 2 potions of berserk rage
 f - 2 potions of might
 h - 3 potions of invisibility
 i - 2 potions of flight
 j - 5 potions of curing
 k - a potion of lignification
 u - 2 potions of mutation {unknown}
 x - a potion of degeneration {unknown}
 z - 2 potions of attraction
 G - 2 potions of heal wounds
 H - 2 potions of resistance {unknown}


   Skills:
 - Level 2.0 Fighting
 + Level 8.9 Ranged Weapons
 - Level 1.0 Throwing
 - Level 1.0 Dodging
 - Level 2.6 Stealth
 + Level 9.5 Unarmed Combat
 - Level 1.0 Spellcasting
 - Level 2.0 Summonings
 - Level 1.2 Invocations
 - Level 1.0 Evocations


You had 10 spell levels left.
You knew the following spells:

 Your Spells              Type           Power      Damage    Failure   Level
a - Summon Small Mammal   Summ           16%        N/A       17%         1

Your spell library contained the following spells:

 Spells                   Type           Power      Damage    Failure   Level
 Summon Guardian Golem    Hex/Summ       2%         N/A       58%         3
 Summon Ice Beast         Ice/Summ       2%         N/A       94%         4
 Summon Mana Viper        Hex/Summ       2%         N/A       100%        5
 Monstrous Menagerie      Summ           2%         N/A       100%        7


Dungeon Overview and Level Annotations

Branches:
Dungeon (7/15)             Temple (1/1) D:4

Altars:
Ashenzari
Cheibriados
Dithmenos
Fedhas
Gozag
Hepliaklqana
Kikubaaqudgha
Makhleb
Nemelex Xobeh
Okawaru
Qazlal
Sif Muna
Uskayaw
Vehumet
Wu Jian
Xom
Yredelemnul

Shops:
D:1 ?   D:2 ?   D:4 *   D:5 *

Annotations:
D:7 2 runed translucent doors


Innate Abilities, Weirdness & Mutations

You have very sharp fingernails.
You are mostly covered in molten scales. (AC +3)
You may rarely emit foul miasma when damaged in melee.
You sometimes gain a little power by taking damage.


Message History

You cannot move.
You cannot move.
You pummel something!!
Something hits you but does no damage. x2
You cannot move.
You pummel something!!
Reactivating autopickup.
You feel a bit more experienced.
You feel less wooden.
Your +0 pair of boots unmelds from your body.
Your +0 leather armour unmelds from your body.
You see here 6 large rocks.
An acid dragon comes into view.
You catch the helpless acid dragon completely off-guard!
You scratch the acid dragon.
The acid dragon is lightly wounded.
The acid dragon bites you but does no damage.
The acid dragon claws you but does no damage.
You feel less attractive to monsters.
You claw the acid dragon! x2
You kill the acid dragon!
You hear two shouts!
You have reached level 10!
Your demonic ancestry asserts itself...
Your fingernails sharpen.
You start resting.
You feel a little less mighty now.
You start resting.
A two-headed ogre comes into view. It is wielding two +0 giant clubs.
You see here a +0 chain mail.
The two-headed ogre shouts in stereo!
You see here a +0 chain mail.
A boulder beetle comes into view.
The boulder beetle curls into a ball and begins rolling!
The two-headed ogre attacks as you move away!
The two-headed ogre hits you with a +0 giant club! x2
* * * LOW HITPOINT WARNING * * *
You focus on the pain.
You feel agile all of a sudden. The boulder beetle hits you!!
You die...

..# ###.......###...........##
..# ###......)..).#.....#'#...##
..####.†.......###.#.#.#.......##
...............##................
.........##.#....#.#.#........###
###...##.##.#....#.....#......#
......##....#.....O.)#.#......#
....##........○B.......######.#
....##...####°##@#.#.#.######.##
....##...# #<##'#....)........#
....##...# ##..........#####..#
.........# #.......##..###...#
.........#####.......##........#
###......##..........####......#
#...#####..........####......#
#...# #..........'.........#
#...# ######.....###.......##


You could see a boulder beetle (rolling) and a two-headed ogre.

Vanquished Creatures
  Pikel (D:6)
  A cyclops (D:7)
  An unseen horror (D:7)
  A hornet (D:7)
  Grinder (D:6)
  Prince Ribbit (D:5)
  Menkaure (D:6)
  An acid dragon (D:7)
  Edmund (D:6)
  A sky beast (D:7)
  A black bear (D:7)
  An ice beast (D:7)
  2 ogres
  A centaur (D:6)
  2 lemures (D:6)
  A phantom (D:4)
  3 bullfrogs
  A gnoll sergeant (D:7)
  4 scorpions
  2 necrophages
  3 hounds
  3 jellies
  4 orc priests
  2 iguanas (D:5)
  An orc wizard (D:4)
  4 gnolls (D:7)
  13 adders
  A shadow imp (D:6)
  A white imp (D:7)
  3 worms
  6 dart slugs
  10 orcs
  5 ball pythons
  7 endoplasms
  4 giant cockroaches
  9 goblins
  7 hobgoblins
  3 jackals (D:4)
  4 kobolds
  4 quokkas
  7 bats
  3 frilled lizards
  6 rats
138 creatures vanquished.

Notes
Turn   | Place    | Note
-------+----------+-------------------------------------------
     0 | D:1      | growler the Demonspawn Wanderer began the quest for the
                  | Orb.
     0 | D:1      | growler set off with the following items: a +2 dagger, a
                  | potion of berserk rage, a +0 pair of boots, a scroll of
                  | blinking, a +0 leather armour; and the following spell
                  | memorised: Summon Small Mammal; and the following spells
                  | available to memorise: Summon Guardian Golem.
     0 | D:1      | Reached XP level 1. HP: 13/13 MP: 2/2
   182 | D:1      | Reached skill level 1 in Fighting
   584 | D:1      | Found a faded altar of an unknown god.
   596 | D:1      | Gained mutation: You have sharp fingernails. [demonic
                  | ancestry]
   596 | D:1      | Reached XP level 2. HP: 17/22 MP: 3/3
   745 | D:1      | Found Plog's Magic Scroll Emporium.
   856 | D:1      | Reached skill level 1 in Unarmed Combat
  1135 | D:1      | Reached XP level 3. HP: 25/27 MP: 4/4
  1421 | D:2      | Reached skill level 2 in Unarmed Combat
  1710 | D:2      | Found Seypoq's Magic Scroll Shop.
  1739 | D:2      | HP: 1/27 [worm (5)]
  2615 | D:2      | Identified the +9 sling "Dragonslayer" {flame, Drain Str+6}
  2891 | D:3      | Gained mutation: You are partially covered in molten
                  | scales. (AC +2) [demonic ancestry]
  2891 | D:3      | Reached XP level 4. HP: 28/33 MP: 5/5
  3045 | D:3      | Reached skill level 3 in Unarmed Combat
  3430 | D:4      | Reached skill level 1 in Ranged Weapons
  3432 | D:4      | Gained mutation: You sometimes gain a little power by
                  | taking damage. [demonic ancestry]
  3432 | D:4      | Reached XP level 5. HP: 38/38 MP: 6/6
  3500 | D:4      | Noticed a +0 spear
  3501 | D:4      | Noticed a +0 spear
  3502 | D:4      | Noticed a +0 falchion
  3504 | D:4      | Noticed a +0 short sword
  3505 | D:4      | Noticed a +0 dagger
  3506 | D:4      | Noticed a +0 short sword
  3506 | D:4      | Noticed a +0 dagger
  3506 | D:4      | Noticed a +0 falchion
  3566 | D:4      | Found Loic's General Store.
  3602 | D:4      | Found a hide-covered altar of Uskayaw.
  3610 | D:4      | Noticed an ogre
  3616 | D:4      | Killed an ogre
  3617 | D:4      | Reached skill level 4 in Unarmed Combat
  3617 | D:4      | Reached XP level 6. HP: 44/44 MP: 7/7
  3770 | D:4      | Found a staircase to the Ecumenical Temple.
  4006 | D:5      | Entered Level 5 of the Dungeon
  4035 | D:5      | Reached XP level 7. HP: 50/50 MP: 8/8
  4045 | D:5      | Reached skill level 5 in Unarmed Combat
  4123 | D:5      | Found Gokluc's Assorted Antiques.
  4248 | D:5      | Noticed Prince Ribbit
  4251 | D:5      | Killed Prince Ribbit
  4423 | D:5      | Reached skill level 5 in Ranged Weapons
  4423 | D:5      | Reached skill level 6 in Unarmed Combat
  4423 | D:5      | Gained mutation: You may rarely emit foul miasma when
                  | damaged in melee. [demonic ancestry]
  4423 | D:5      | Reached XP level 8. HP: 56/56 MP: 9/9
  4487 | D:5      | Found a stormy altar of Qazlal.
  4731 | Temple   | Entered the Ecumenical Temple
  5252 | D:6      | Noticed Menkaure
  5255 | D:6      | Killed Menkaure
  5590 | D:6      | Noticed Grinder
  5601 | D:6      | Killed Grinder
  5602 | D:6      | Reached skill level 7 in Unarmed Combat
  5879 | D:6      | Noticed Edmund
  5890 | D:6      | Killed Edmund
  5942 | D:6      | Found a shadowy altar of Dithmenos.
  5944 | D:6      | Found a broken altar of Ashenzari.
  5973 | D:6      | Noticed Pikel
  5989 | D:6      | Killed Pikel
  5990 | D:6      | Reached skill level 8 in Unarmed Combat
  5990 | D:6      | Gained mutation: You are mostly covered in molten scales.
                  | (AC +3) [demonic ancestry]
  5990 | D:6      | Reached XP level 9. HP: 46/61 MP: 10/10
  6196 | D:7      | Found a snail-covered altar of Cheibriados.
  6250 | D:7      | Found a runed translucent door.
  6251 | D:7      | Found a runed translucent door.
  6251 | D:7      | Noticed a six-headed hydra
  7083 | D:7      | Noticed a cyclops
  7091 | D:7      | Paralysed by a hornet for 1 turns
  7097 | D:7      | HP: 3/84 [cyclops (14)]
  7104 | D:7      | Killed a cyclops
  7105 | D:7      | Reached skill level 9 in Unarmed Combat
  7118 | D:7      | Killed an unseen horror
  7132 | D:7      | Gained mutation: You have very sharp fingernails. [demonic
                  | ancestry]
  7132 | D:7      | Reached XP level 10. HP: 25/67 MP: 11/11
  7168 | D:7      | Noticed a two-headed ogre
  7194 | D:7      | Noticed a boulder beetle
  7197 | D:7      | Mangled by a boulder beetle

Illustrated notes

Levels and vault maps discovered:
D:1:      minmay_arrival_shattered_statue, layout_loops_cross, serial_shops,
          shop, hellmonk_ecumenical_altar_blasted,
          chequers_serial_rivers_small_3, minmay_misc_feat_columns
D:2:      layout_rooms, serial_forest, infiniplex_forest_corner_2,
          infiniplex_forest_fountain, infiniplex_forest_clump_medium,
          infiniplex_forest_straight_2, infiniplex_forest_end_2, serial_shops,
          nicolae_shop_competitors_out_of_business
D:3:      layout_rooms, nicolae_underground_beach
D:4:      layout_rooms, nicolae_uskayaw_en_pointe,
          minmay_temple_entry_proselytizer, serial_shops, nicolae_square_shop
D:5:      layout_cave_pools, kennysheep_mini, serial_shops,
          nicolae_shop_overgrown_old_shop, uniq_prince_ribbit1
D:6:      layout_loops_corners, tso_altar, minitemple, uniq_pikel, uniq_edmund,
          uniq_menkaure, uniq_grinder
D:7:      minmay_the_grid_triangle_9x9_rhombus_thin
          [minmay_the_grid_triangle_9x9_corrupted_corridor,
          minmay_the_grid_triangle_9x9_prize_center,
          minmay_the_grid_triangle_9x9_tough_junction,
          minmay_the_grid_triangle_9x9_checkered], layout_basic,
          cheibriados_altar_1
Temple:   nicolae_temple_two_arcs

Skill      XL: |  1  2  3  4  5  6  7  8  9 |
---------------+----------------------------+-----
Fighting       | 1 2 |  2.0
Unarmed Combat | 1 2 3 4 6 8 9 |  9.5
Ranged Weapons | 1 2 3 5 7 8 |  8.9
Throwing       | |  1.0
Dodging        | |  1.0
Stealth        | |  2.6
Spellcasting   | |  1.0
Summonings     | |  2.0
Invocations    | |  1.2
Evocations     | |  1.0

Action                   |  1- 3 |  4- 6 |  7- 9 | 10-12 || total
-------------------------+-------+-------+-------+-------++-------
Melee: Dagger            |   140 |       |       |       ||   140
       Punch             |     2 |       |     2 |       ||     4
       Unarmed           |       |       |    11 |       ||    11
 Fire: Sling             |    15 |   109 |   189 |       ||   313
 Cast: Summon Small Mamm |     2 |       |       |       ||     2
  Use: Scroll            |     5 |     1 |     2 |       ||     8
       Potion            |       |       |     4 |       ||     4
 Stab: Sleeping          |     6 |       |       |       ||     6
       Distracted        |       |       |     1 |       ||     1
Armor: Leather armour    |    41 |    12 |    24 |       ||    77
       Skin              |       |       |     6 |       ||     6
Dodge: Dodged            |    73 |    22 |    37 |       ||   132
